 Dungeon Crawl Stone Soup version 0.17-a0-1591-g7a45446 (webtiles) character file.

672 urechis the Conjurer (level 7, -5/37 HPs)
             Began as a Gargoyle Wizard on July 29, 2015.
             Killed by Freeze
             ... invoked by Tux's ghost
              (11 damage)
             ... on level 4 of the Dungeon.
             The game lasted 00:15:31 (4109 turns).

urechis the Conjurer (Gargoyle Wizard)              Turns: 4109, Time: 00:15:31

Health: -5/37      AC: 10    Str: 14    XL:     7   Next: 59%
Magic:  0/14       EV: 12    Int: 20    God:
Gold:   450        SH:  0    Dex: 11    Spells: 3 memorised, 9 levels left

rFire  . . .     SeeInvis .     a - +4 quarterstaff (chaos)
rCold  . . .     Clarity  .     q - +0 robe
rNeg   + . .     SustAt   .     (no shield)
rPois  ∞         Gourm    .     r - +0 hat
rElec  +         Spirit   .     m - +0 cloak
rCorr  .         Warding  .     v - +1 pair of gloves {Dex+3}
rMut   .         Stasis   .     (no boots)
MR     .....                    (no amulet)
Stlth  ++........               x - +3 ring of strength
                                (no ring)

@: not resistant to hostile enchantments, unstealthy
A: negative energy resistance 1, electricity resistance, unbreathing,
petrification resistance, rot immunity, AC +4
a: no special abilities


You were on level 4 of the Dungeon.
You were not hungry.

You visited 1 branch of the dungeon, and saw 4 of its levels.
You also visited: Ossuary.

You collected 450 gold pieces.

Inventory:

Hand weapons
 a - a +4 quarterstaff of chaos (weapon)
 b - a +0 blowgun
 f - a +1 short sword of electrocution
Missiles
 u - 7 poisoned needles
Armour
 m - a +0 cloak (worn)
 q - a +0 robe (worn)
 r - a +0 hat (worn)
 v - a +1 pair of gloves of dexterity (worn)
Jewellery
 n - an uncursed ring of fire
 x - a +3 ring of strength (right hand)
Magical devices
 p - a wand of heal wounds (4)
 A - a wand of fire (9)
Scrolls
 e - a scroll of magic mapping {unknown}
 h - a scroll of teleportation {unknown}
 i - a scroll of random uselessness {unknown}
 j - 5 scrolls of identify {unknown}
 k - 3 scrolls of fog {unknown}
 l - 4 scrolls of remove curse {unknown}
 w - 2 scrolls of recharging {unknown}
 y - 2 scrolls of blinking {unknown}
 z - a scroll of immolation {unknown}
 B - a scroll of enchant armour {unknown}
Potions
 g - a potion of haste {unknown}
 s - a potion of brilliance {unknown}
 t - a potion of curing {unknown}
Books
 c - a book of Minor Magic

   Spells                             Type                      Level
   a - Magic Dart                     Conjuration                  1
   b - Blink                          Translocation                2
   c - Call Imp                       Summoning                    2
   d - Repel Missiles                 Charms/Air                   2
   e - Slow                           Hexes                        2
   f - Conjure Flame                  Conjuration/Fire             3
   g - Mephitic Cloud                 Conjuration/Poison/Air       3
Comestibles
 d - 2 bread rations
 C - a meat ration


   Skills:
 + Level 0.9 Fighting
 * Level 1.6 Staves
 + Level 1.3 Armour
 + Level 1.7 Dodging
 - Level 2.1 Stealth
 + Level 5.2 Spellcasting
 + Level 5.3 Conjurations
   Level 0.8 Summonings
   Level 0.8 Translocations
 + Level 1.4 Fire Magic
 + Level 1.1 Air Magic
 + Level 1.0 Evocations


You had 9 spell levels left.
You knew the following spells:

 Your Spells              Type           Power        Failure   Level  Hunger
a - Magic Dart            Conj           ####         1%          1    None
b - Mephitic Cloud        Conj/Pois/Air  ##......     17%         3    ##.....
c - Conjure Flame         Conj/Fire      ###.....     10%         3    ##.....


Dungeon Overview and Level Annotations

Branches:
Dungeon (4/15)
 Temple: D:4-7

Altars:
Fedhas
Qazlal
Zin
The Shining One

Shops:
D:2 *   D:4 !

Annotations:
D:4 Tux's ghost, average DEIE


Innate Abilities, Weirdness & Mutations

You are resistant to torment.
Your stone body is resilient (AC +4).
You are immune to poison.
You resist negative energy.
You are resistant to electric shocks.
You can survive without breathing.
You are immune to petrification.
You are immune to rotting.


Message History

Press: ? - help, Shift-Dir - straight line, f/p - Tux's ghost
Aim: Tux's ghost (severely damaged)
The magic dart hits Tux's ghost.
Tux's ghost is almost destroyed.
Tux's ghost casts a spell at you. The puff of frost hits you!
* * * LOW HITPOINT WARNING * * *
You closely miss Tux's ghost.
Tux's ghost is almost destroyed.
Tux's ghost hits you.
* * * LOW HITPOINT WARNING * * *
You miss Tux's ghost.
Tux's ghost is almost destroyed.
Tux's ghost barely misses you.
Tux's ghost hits you but does no damage.
You barely miss Tux's ghost.
Tux's ghost is almost destroyed.
Tux's ghost casts a spell at you.
You are frozen.
You die...

### ##### #.###### #.#.###...##.#
##.###...##.## ### .#
#.##....###.######### #.### #.
#......## #.........####.##. W.
##.....# ##@####............
##.## #.....###W## #...........#
#.... #......#..# #............
..... #........## ##............
.....##........#####...........).
........###.....................)
.......## ###...#####............
.....(.# #.### #...........)
.......# #.# #............


You could see Tux's ghost.

Vanquished Creatures
  An elf zombie (Ossuary)
  3 hounds (D:4)
  A centaur skeleton (D:4)
  Crazy Yiuf (D:2)
  A giant frog skeleton (D:4)
  2 orc wizards (D:4)
  Terence (D:2)
  6 big kobold zombies (Ossuary)
  2 mummies (Ossuary)
  4 gnolls (D:4)
  5 adders
  A shadow imp (D:3)
  An ooze (D:3)
  A worm (D:2)
  A giant gecko (D:1)
  12 orcs
  13 bats
  A bat skeleton (D:4)
  5 giant cockroaches
  14 goblins
  7 hobgoblins
  7 jackals
  10 kobolds
  3 quokkas
  2 ball pythons (D:3)
  4 giant newts
  A gnoll zombie (Ossuary)
  2 goblin zombies (Ossuary)
  3 hobgoblin zombies (Ossuary)
  An orc zombie (Ossuary)
  6 rats
  A plant (D:2)
123 creatures vanquished.

Notes
Turn   | Place    | Note
--------------------------------------------------------------
     0 | D:1      | urechis the Gargoyle Wizard began the quest for the Orb.
     0 | D:1      | Reached XP level 1. HP: 10/10 MP: 4/4
   229 | D:1      | Reached XP level 2. HP: 7/15 MP: 6/6
  1034 | D:1      | Reached XP level 3. HP: 17/19 MP: 8/8
  1243 | D:2      | Noticed Terence
  1252 | D:2      | Killed Terence
  1275 | D:2      | Reached XP level 4. HP: 20/24 MP: 6/9
  1301 | D:2      | Reached skill level 4 in Spellcasting
  1527 | D:2      | Noticed Crazy Yiuf
  1538 | D:2      | Killed Crazy Yiuf
  1688 | D:2      | Found Zin's Purification Station.
  1688 | D:2      | Found a glowing silver altar of Zin.
  1742 | D:2      | Reached XP level 5. HP: 24/28 MP: 9/11
  1772 | D:2      | Found a blossoming altar of Fedhas.
  1867 | D:2      | Learned a level 3 spell: Mephitic Cloud
  1871 | D:2      | Learned a level 3 spell: Conjure Flame
  2281 | D:3      | Found a glowing golden altar of the Shining One.
  2887 | D:4      | Reached XP level 6. HP: 30/32 MP: 7/13
  2938 | D:4      | Reached skill level 5 in Spellcasting
  2938 | D:4      | Reached skill level 5 in Conjurations
  2971 | D:4      | Noticed Tux's ghost (average DEIE)
  3097 | D:4      | Found a sand-covered staircase.
  3102 | Ossuary  | Entered an ossuary
  3275 | Ossuary  | Reached skill level 1 in Fire Magic
  3293 | Ossuary  | Reached XP level 7. HP: 37/37 MP: 2/14
  3405 | Ossuary  | Reached skill level 1 in Staves
  3421 | Ossuary  | Reached skill level 1 in Armour
  3641 | D:4      | Reached skill level 1 in Air Magic
  3749 | D:4      | Found Ufeloic's Distillery.
  3774 | D:4      | Found a stormy altar of Qazlal.
  3776 | D:4      | Noticed a fire elemental
  3777 | D:4      | Noticed an air elemental
  3777 | D:4      | Noticed a water elemental
  3851 | D:4      | Reached skill level 1 in Evocations
  4109 | D:4      | Killed from afar by Tux's ghost

Vault maps used:
D:1:      onia_arrival_pentagram
D:2:      nicolae_overflow_crystal_walls, zin_purify, first_bread, serial_bayou,
          serial_bayou_pond_b, serial_bayou_pond_d, serial_bayou_lagoon_a,
          serial_bayou_lake_a, uniq_crazy_yiuf_cottage, uniq_terence
D:3:      nicolae_tso_carved_into_rock
D:4:      nicolae_qazlal_style_of_elements, grunt_dithmenos_smoke_and_mirrors,
          serial_shops, shop, nicolae_ossuary_entry_monument
Ossuary:  minmay_ossuary_gauntlet

Action                   |  1- 3 |  4- 6 |  7- 9 || total
-------------------------+-------+-------+-------++-------
Melee: Short sword       |    82 |    87 |       ||   169
       Quarterstaff      |       |   143 |    38 ||   181
 Cast: Magic Dart        |     7 |   108 |    57 ||   172
       Conjure Flame     |       |       |     2 ||     2
 Stab: Sleeping          |     3 |     1 |     1 ||     5
  Eat: Chunk             |     1 |     6 |     2 ||     9
       Beef jerky        |       |       |     1 ||     1
